 Dungeon Crawl Stone Soup version 0.30-a0-782-ge64f9170bb (webtiles) character file.

Game seed: 1528642523968822556

2058 vineage the Fighter (level 9, -4/60 HPs)
             Began as a Gargoyle Fighter on Mar 17, 2023.
             Was a Priest of Okawaru.
             Slain by a shadow (9 damage)
             ... on level 9 of the Dungeon.
             The game lasted 00:06:52 (4990 turns).

vineage the Fighter (Gargoyle Fighter)              Turns: 4990, Time: 00:06:53

Health: -4/60      AC: 10    Str: 33    XL:     9   Next: 25%
Magic:  9/9        EV:  8    Int:  7    God:    Okawaru [***...]
Gold:   321        SH:  6    Dex: 10    Spells: 8/8 levels left

rFire   . . .      SeeInvis .    a - +1 flail (chaos)
rCold   . . .      Faith    .    c - +1 buckler
rNeg    + . .      Spirit   .    j - +0 chain mail
rPois   ∞          Reflect  .    (no helmet)
rElec   +          Harm     .    (no cloak)
rCorr   .          Rampage  .    (no gloves)
Will    .....      Rnd*Tele +    (no boots) Stlth
                                 (no amulet)
HPRegen 0.30/turn                k - +6 ring of strength
MPRegen 0.11/turn                (no ring)

@: corroded
A: sickness immunity, AC +6, negative energy resistance 1, electricity
resistance, torment resistance 1, petrification resistance, talons 1, iridescent
scales 1, strong 1, teleportitis 1
a: Renounce Religion, Heroism


You were on level 9 of the Dungeon.
You worshipped Okawaru.
Okawaru was most pleased with you.
You visited 2 branches of the dungeon, and saw 9 of its levels.
You also visited: Sewer and Ossuary.

You collected 321 gold pieces.

Inventory:

Hand Weapons
 a - a +1 flail of chaos (weapon)
Armour
 c - a +1 buckler (worn)
 j - a +0 chain mail (worn)
Jewellery
 k - a +6 ring of strength (left hand)
Wands
 u - a wand of paralysis (4)
Scrolls
 b - 3 scrolls of teleportation
 f - 3 scrolls of amnesia
 i - a scroll of enchant armour
 l - 2 scrolls of brand weapon
Potions
 d - 6 potions of might
 e - a potion of attraction
 g - a potion of cancellation {unknown}
 h - 2 potions of haste
 m - a potion of brilliance {unknown}
 n - a potion of heal wounds {unknown}
 o - 2 potions of berserk rage
 p - a potion of flight {unknown}
 q - 5 potions of curing
 r - 3 potions of magic
 s - a potion of resistance {unknown}
 t - a potion of invisibility


   Skills:
 * Level 8.3 Fighting
 * Level 7.1 Maces & Flails
 + Level 6.1 Armour
 + Level 6.1 Shields


You had 8 spell levels left.
You didn't know any spells.
Your spell library contained the following spells:

 Spells                   Type           Power      Damage    Failure   Level
 Ensorcelled Hibernation  Hex/Ice        0%         N/A       98%         2
 Passwall                 Tmut/Erth      0%         N/A       98%         2
 Ozocubu's Armour         Ice            0%         N/A       100%        3
 Swiftness                Air            0%         N/A       100%        3
 Passage of Golubria      Tloc           0%         N/A       100%        4
 Yara's Violent Unravell  Hex/Tmut       0%         3d3       100%        5
 Ozocubu's Refrigeration  Ice            0%         4d7       100%        7
 Tukima's Dance           Hex            Unusable   N/A       N/A         3

Dungeon Overview and Level Annotations

Branches:
Dungeon (9/15)             Temple (1/1) D:4           Sewer (visited)
Ossuary (visited)
   Lair: D:8-11         Orc: D:9-12

Altars:
Ashenzari
Cheibriados
Dithmenos
Elyvilon
Fedhas
Gozag
Hepliaklqana
Kikubaaqudgha
Makhleb
Nemelex Xobeh
Okawaru
Qazlal
Sif Muna
Trog
Uskayaw
Vehumet
Wu Jian
Xom
Zin
The Shining One

Shops:
D:1 =   D:5 *   D:6 (


Innate Abilities, Weirdness & Mutations

You are immune to sickness and miasma.
Your stone body is resilient. (AC +6)
You are immune to poison.
You resist negative energy. (rN+)
You are resistant to electric shocks. (rElec)
You are resistant to unholy torment.
You are immune to petrification.
You have sharp toenails.
You are partially covered in iridescent scales. (AC +2)
Your muscles are strong. (Str +4, Int/Dex -1)
You are occasionally teleported next to monsters.


Message History

The acid dragon claws you but does no damage.
A shadow comes into view.
You thump the acid dragon! You burn the acid dragon.
Your kick misses the acid dragon.
The acid dragon is severely wounded.
The acid dragon bites you!
* * * LOW HITPOINT WARNING * * *
The acid dragon claws you but does no damage.
The shadow slips into darkness.
The shadow flickers and vanishes!
Deactivating autopickup; reactivate with Ctrl-A.
You barely miss the acid dragon. You claw the acid dragon!
The acid dragon is almost dead.
The acid dragon bites you.
* * * LOW HITPOINT WARNING * * *
The acid dragon claws you.
* * * LOW HITPOINT WARNING * * *
You barely miss the acid dragon.
You claw the acid dragon, but do no damage.
The acid dragon is almost dead.
The acid dragon bites you but does no damage.
You block the acid dragon's attack.
You barely miss the acid dragon.
The acid dragon is almost dead.
The acid dragon bites you but does no damage.
You block the acid dragon's attack.
You hit the acid dragon but do no damage.
You claw the acid dragon, but do no damage.
The acid dragon is almost dead.
You block the acid dragon's attack. The acid dragon barely misses you.
You closely miss the acid dragon.
You claw the acid dragon, but do no damage.
The acid dragon is almost dead.
You block the acid dragon's attack. The acid dragon barely misses you.
You hit the acid dragon.
You kill the acid dragon!
Okawaru accepts your kill.
You closely miss something.
The shadow strikes at you from the darkness!
You die...

#. #.. #.## ...#
#..# #..
######{####
.......@..# ####
.!.<......##...+
..?......<...#
......$...####
......(...#
########.## ..#
####


There were no monsters in sight!

Vanquished Creatures
  Edmund (D:5)
  An acid dragon (D:9)
  Pargi (Sewer)
  2 black bears (D:6)
  2 ice beasts
  A sky beast (D:6)
  An ogre (D:6)
  A phantom (D:4)
  A kobold brigand (D:6)
  A bullfrog (D:7)
  A scorpion (D:6)
  2 howler monkeys (D:5)
  5 centaur zombies (Ossuary)
  3 orc priests
  2 hounds (D:4)
  3 iron imps (D:4)
  Jessica (D:2)
  An iguana (D:5)
  5 mummies (Ossuary)
  3 gnolls (D:6)
  16 adders
  A white imp (D:6)
  3 worms
  3 dart slugs
  5 orcs
  A ball python (D:2)
  5 endoplasms
  6 giant cockroaches
  9 goblins
  11 hobgoblins
  6 kobolds
  5 quokkas
  10 bats
  7 frilled lizards
  3 hobgoblin zombies (Ossuary)
  7 rats
136 creatures vanquished.

Notes
Turn   | Place    | Note
-------+----------+-------------------------------------------
     0 | D:1      | vineage the Gargoyle Fighter began the quest for the Orb.
     0 | D:1      | Reached XP level 1. HP: 14/14 MP: 1/1
   243 | D:1      | Reached XP level 2. HP: 19/19 MP: 2/2
   532 | D:1      | Found Boull's Jewellery Shop.
   941 | D:2      | Reached XP level 3. HP: 13/24 MP: 3/3
  1028 | D:2      | Reached skill level 4 in Fighting
  1280 | D:2      | Reached XP level 4. HP: 28/29 MP: 4/4
  1327 | D:2      | Noticed Jessica
  1352 | D:2      | Killed Jessica
  1597 | D:2      | Found a faded altar of an unknown god.
  1761 | D:3      | Found a snail-covered altar of Cheibriados.
  1787 | D:3      | Reached XP level 5. HP: 34/34 MP: 5/5
  1986 | D:3      | Found a shadowy altar of Dithmenos.
  2226 | D:3      | Found a glowing silver altar of Zin.
  2345 | D:3      | Found a hazy altar of Hepliaklqana.
  2368 | D:3      | Found an ancient bone altar of Kikubaaqudgha.
  2556 | D:4      | Found a staircase to the Ecumenical Temple.
  2565 | Temple   | Entered the Ecumenical Temple
  2607 | Temple   | Became a worshipper of Warmaster Okawaru
  2691 | D:4      | Found a burning altar of Makhleb.
  2717 | D:4      | Reached skill level 5 in Fighting
  2717 | D:4      | Reached XP level 6. HP: 32/40 MP: 6/6
  3044 | D:4      | Found a sand-covered staircase.
  3046 | D:4      | Reached * piety under Okawaru
  3054 | Ossuary  | Entered an ossuary
  3083 | Ossuary  | Reached XP level 7. HP: 44/44 MP: 7/7
  3130 | Ossuary  | Reached skill level 6 in Fighting
  3402 | D:4      | Reached skill level 5 in Maces & Flails
  3548 | D:5      | Entered Level 5 of the Dungeon
  3548 | D:5      | Found Orit Boi's Assorted Antiques.
  3552 | D:5      | Noticed Edmund
  3564 | D:5      | Killed Edmund
  3564 | D:5      | Reached ** piety under Okawaru
  3565 | D:5      | Reached skill level 5 in Armour
  3565 | D:5      | Reached skill level 5 in Shields
  3565 | D:5      | Reached XP level 8. HP: 47/52 MP: 8/8
  3917 | D:5      | Reached skill level 7 in Fighting
  3968 | D:5      | Found a shimmering altar of Xom.
  4203 | D:5      | Found a stormy altar of Qazlal.
  4214 | D:5      | Gained mutation: You have a pair of small antennae on your
                  | head. [potion of mutation]
  4214 | D:5      | Gained mutation: Your spells are a little harder to cast,
                  | but a little more powerful. [potion of mutation]
  4215 | D:5      | Lost mutation: Your spells are a little harder to cast, but
                  | a little more powerful. [potion of mutation]
  4215 | D:5      | Lost mutation: You have a pair of small antennae on your
                  | head. [potion of mutation]
  4215 | D:5      | Gained mutation: You expend magic power (3 MP) to
                  | strengthen your wands. [potion of mutation]
  4215 | D:5      | Gained mutation: Your flesh is heat resistant. (rF+)
                  | [potion of mutation]
  4216 | D:5      | Lost mutation: You expend magic power (3 MP) to strengthen
                  | your wands. [potion of mutation]
  4216 | D:5      | Lost mutation: Your flesh is heat resistant. (rF+) [potion
                  | of mutation]
  4216 | D:5      | Gained mutation: You sometimes lose your temper in combat.
                  | [potion of mutation]
  4216 | D:5      | Gained mutation: Your flesh is heat resistant. (rF+)
                  | [potion of mutation]
  4217 | D:5      | Lost mutation: You sometimes lose your temper in combat.
                  | [potion of mutation]
  4217 | D:5      | Lost mutation: Your flesh is heat resistant. (rF+) [potion
                  | of mutation]
  4217 | D:5      | Gained mutation: You are partially covered in iridescent
                  | scales. (AC +2) [potion of mutation]
  4217 | D:5      | Gained mutation: You are occasionally teleported next to
                  | monsters. [potion of mutation]
  4217 | D:5      | Gained mutation: You have sharp toenails. [potion of
                  | mutation]
  4217 | D:5      | Gained mutation: Your muscles are strong. (Str +4, Int/Dex
                  | -1) [potion of mutation]
  4380 | D:6      | Reached *** piety under Okawaru
  4400 | D:6      | Found a white marble altar of Elyvilon.
  4439 | D:6      | Reached XP level 9. HP: 40/59 MP: 9/9
  4654 | D:6      | Reached skill level 8 in Fighting
  4715 | D:6      | Found a glowing drain.
  4732 | Sewer    | Entered a sewer
  4763 | Sewer    | Noticed Pargi
  4772 | Sewer    | Killed Pargi
  4886 | D:6      | Found Piqops's Antique Weapon Emporium.
  4967 | D:7      | You fall into a shaft and drop 2 floors!
  4990 | D:9      | Slain by a shadow

Illustrated notes

Levels and vault maps discovered:
D:1:      psy_arrival_whirlpool, layout_loops_corners, serial_shops, shop,
          serial_park_tiny_pond, st_stairs_8
D:2:      layout_basic, hellmonk_ecumenical_altar_crossroads,
          minmay_small_reverse_x, uniq_jessica
D:3:      cheibrodos_helix_gallery, layout_loops_corners,
          nicolae_dithmenos_through_a_glass_darkly, zin_statuary,
          nicolae_overflow_squiral, mainiacjoe_overflow_brackets
D:4:      layout_basic, demons_altar, minmay_temple_entry_antechambers,
          chequers_ossuary_entry_cave
D:5:      layout_loops_ring, mainiacjoe_overflow_chevrons, kennysheep_mini,
          serial_shops, nicolae_shop_temple_entry_statues_fountains, uniq_edmund
D:6:      layout_basic, elyvilon_altar_5, portal_sewer_entry_d, serial_shops,
          shop
D:7:      layout_loops_ring, uniq_pikel
D:9:      layout_roguey
Temple:   hellmonk_temple_of_storms

Skill      XL: |  1  2  3  4  5  6  7  8  9 |
---------------+----------------------------+-----
Fighting       | 4 5 6 7 8 |  8.3
Maces & Flails | 3 4 5 6 7 |  7.1
Armour         | 4 5 6 |  6.1
Shields        | 4 5 6 |  6.1

Action                     |  1- 3 |  4- 6 |  7- 9 || total
---------------------------+-------+-------+-------++-------
  Melee: Flail             |   109 |   164 |   203 ||   476
         Kick              |       |       |    25 ||    25
    Use: Scroll            |       |    15 |     4 ||    19
         Potion            |       |     4 |     4 ||     8
   Stab: Invisible         |       |     1 |     1 ||     2
         Paralysed         |       |       |     1 ||     1
         Petrified         |       |       |     1 ||     1
 Armour: Scale mail        |    70 |    44 |       ||   114
         Chain mail        |       |    74 |   152 ||   226
         Skin              |       |    13 |    38 ||    51
  Dodge: Dodged            |    68 |    90 |    95 ||   253
  Block: Buckler           |    22 |    51 |    91 ||   164

Table legend: (Time is in decaauts)
 A = Elapsed time spent in this place.
 B = Non-inter-level travel time spent in this place.
 C = Inter-level travel time spent in this place.
 D = Time resting spent in this place.
 E = Time spent auto-exploring this place.
 F = Levels seen in this place.
 G = Mean time per level.
                   A        B        C        D        E       F      G
               +--------+--------+--------+--------+--------+-----+--------+
         Total |   5106 |   4885 |    221 |      0 |   3810 |  11 |  464.2 |
       Dungeon |   4793 |   4595 |    198 |      0 |   3661 |   8 |  599.1 |
        Temple |     57 |     34 |     23 |      0 |     24 |   1 |   57.0 |
         Sewer |     87 |     87 |      0 |      0 |     48 |   1 |   87.0 |
       Ossuary |    168 |    168 |      0 |      0 |     77 |   1 |  168.0 |
               +--------+--------+--------+--------+--------+-----+--------+

Top non-repeatable levels by time:
     D:1: 948 daAuts
     D:3: 857 daAuts
     D:4: 835 daAuts
     D:2: 769 daAuts
     D:5: 719 daAuts
     D:6: 599 daAuts
 Ossuary: 168 daAuts
   Sewer: 87 daAuts
  Temple: 57 daAuts
     D:7: 38 daAuts
     D:9: 23 daAuts
